 Dungeon Crawl Stone Soup version 0.28.0-53-g5a82cb258f (webtiles) character file.

Game seed: 6491748650280162046

400 Infinimo the Skirmisher (level 6, -5/65 (67) HPs)
             Began as an Ogre Berserker on June 4, 2022.
             Was a Believer of Trog.
             Slain by a wight
             ... wielding a +1 morningstar
              (13 damage)
             ... on level 4 of the Dungeon.
             The game lasted 00:03:26 (4076 turns).

Infinimo the Skirmisher (Ogre Berserker)            Turns: 4076, Time: 00:03:26

HP:   -5/65 (67)    AC:  3    Str: 24    XL:     6   Next: 84%
MP:   6/6           EV: 10    Int:  8    God:    Trog [**....]
Gold: 128           SH:  0    Dex:  8    Spells: 5/5 levels left

rFire   . . .      SeeInvis .   a - +0 mace
rCold   . . .      Faith    .   (no shield)
rNeg    . . .      Spirit   .   b - +0 animal skin
rPois   .          Reflect  .   (helmet restricted)
rElec   .          Harm     .   (no cloak)
rCorr   .          Rampage  .   (gloves unavailable)
Will    .....                   (boots unavailable)
Stlth   +.........              (no amulet)
HPRegen 0.20/turn               (no ring)
MPRegen 0.10/turn               (no ring)

@: mighty, on berserk cooldown, slowed, lightly drained, very slow
A: large, unfitting armour, tough skin 1
a: Renounce Religion, Berserk, Trog's Hand


You were on level 4 of the Dungeon.
You worshipped Trog.
Trog was pleased with you.
You visited 1 branch of the dungeon, and saw 4 of its levels.

You collected 128 gold pieces.

Inventory:

Hand Weapons
 a - a +0 mace (weapon)
Missiles
 h - 6 poisoned darts (quivered)
 p - a throwing net
Armour
 b - a +0 animal skin (worn)
Jewellery
 s - an amulet of the acrobat
Scrolls
 c - 2 scrolls of blinking {unknown}
 d - a scroll of vulnerability {unknown}
 e - 3 scrolls of identify {unknown}
 j - 2 scrolls of teleportation {unknown}
 k - 3 scrolls of fog {unknown}
 m - a scroll of amnesia {unknown}
 n - a scroll of brand weapon {unknown}
 o - a scroll of silence {unknown}
 r - a scroll of immolation {unknown}
 t - 2 scrolls of fear {unknown}
Potions
 g - a potion of curing {unknown}
 i - a potion of resistance {unknown}
 l - a potion of haste {unknown}
 q - a potion of flight {unknown}
 u - a potion of magic {unknown}


   Skills:
 + Level 5.9 Fighting
 * Level 5.2 Maces & Flails
 + Level 4.1 Dodging


You had 5 spell levels left.
You didn't know any spells.
Your spell library was empty.

Dungeon Overview and Level Annotations

Branches:
Dungeon (4/15)             Temple (0/1) D:4

Altars:
Cheibriados
Fedhas
Xom

Shops:
D:1 *   D:4 !


Innate Abilities, Weirdness & Mutations

You are too large for most types of armour.
You have tough skin. (AC +1)


Message History

The wight hits you with a +5 long sword! x2
You feel drained.
A red film seems to cover your vision as you go berserk!
You feel yourself moving faster!
You feel mighty!
The wight hits you with a +5 long sword!
You completely miss the wight. You hit the wight but do no damage.
The wight hits you with a +5 long sword!
You hit the wight.
The wight is lightly damaged.
The wight hits you with a +5 long sword!
You sock the wight!
The wight is almost destroyed.
The wight hits you with a +5 long sword!
* * * LOW HITPOINT WARNING * * *
You hit the wight.
You destroy the wight!
Trog accepts your kill.
A wight and an orc come into view.
The orc shouts!
A wight comes into view. It is wielding a +2 spear.
Things that are here:
a +5 long sword; a +0 robe
There are monsters nearby!
You feel a strong urge to attack something.
You see here a scroll labelled GONLU NIURIRUR.
You are no longer berserk.
You are exhausted.
You feel yourself slow down.
It was a potion of might.
You feel very mighty all of a sudden.
The wight hits you with a +1 morningstar.
* * * LOW HITPOINT WARNING * * *
The wight hits you with a +1 morningstar!
* * * LOW HITPOINT WARNING * * *
Okay, then.
You thump the wight!
The wight is heavily damaged.
The wight hits you with a +1 morningstar!
You die...

#..## #.†..........## ##
#...........).#####
#..................#.
#...###..###...........
#...## #.## #...........
#..# ##.# ##...#......
...#####.######...##.....
............##....# #....
.. #. #.@........# #...
.o..#.#####z........# ...
#.z∩z.##.............. ..
#)#o.###.......... #.?.##
##....##.... #....##
##...# #... ##.#.. ##....
... #..##.# ..... ### #.
#####


You could see a wight and an orc.

Vanquished Creatures
  An ogre (D:3)
  A phantom (D:4)
  A wight (D:4)
  A hound (D:2)
  Jessica (D:2)
  3 adders
  3 gnolls (D:3)
  2 adder skeletons (D:4)
  A worm (D:3)
  3 dart slugs
  An orc (D:4)
  9 endoplasms
  11 goblins
  10 hobgoblins
  5 jackals
  4 quokkas
  10 ball pythons
  3 bats
  5 frilled lizards
  2 kobolds
  4 rats
81 creatures vanquished.

Vanquished Creatures (others)
  An adder (D:4)
  An orc (D:4)
  A goblin (D:4)
  A hobgoblin (D:4)
4 creatures vanquished.

Grand Total: 85 creatures vanquished

Notes
Turn   | Place    | Note
-------+----------+-------------------------------------------
     0 | D:1      | Infinimo the Ogre Berserker began the quest for the Orb.
     0 | D:1      | Reached XP level 1. HP: 24/24 MP: 1/1
   102 | D:1      | Found Kaebb's General Store.
   160 | D:1      | Reached XP level 2. HP: 32/32 MP: 2/2
   211 | D:1      | Found a faded altar of an unknown god.
   212 | D:1      | Noticed a shining eye
   217 | D:1      | Noticed a great orb of eyes
   226 | D:1      | Noticed a golden eye
   226 | D:1      | Noticed a golden eye
  1002 | D:2      | Reached XP level 3. HP: 40/40 MP: 3/3
  1498 | D:2      | Reached ** piety under Trog
  1499 | D:2      | Reached XP level 4. HP: 24/49 MP: 4/4
  1833 | D:2      | Noticed Jessica
  1853 | D:2      | Killed Jessica
  1854 | D:2      | Reached skill level 5 in Fighting
  1854 | D:2      | Reached XP level 5. HP: 18/57 MP: 5/5
  2426 | D:3      | Found a snail-covered altar of Cheibriados.
  2974 | D:3      | Noticed an ogre
  2991 | D:3      | Killed an ogre
  2992 | D:3      | Reached XP level 6. HP: 66/66 MP: 6/6
  3402 | D:4      | Found a shimmering altar of Xom.
  3572 | D:4      | Found a staircase to the Ecumenical Temple.
  3697 | D:4      | Found a blossoming altar of Fedhas.
  3942 | D:4      | Reached skill level 5 in Maces & Flails
  4059 | D:4      | Found Lutob's Distillery.
  4076 | D:4      | Slain by a wight

Illustrated notes

Levels and vault maps discovered:
D:1:      sevenhm_arrival_forest_fort_large_4, layout_basic, serial_shops, shop,
          hellmonk_ecumenical_altar_watching_god, st_stairs_1
D:2:      layout_basic, st_stairs_5, uniq_jessica
D:3:      layout_rooms, cheibriados_altar_1, grunt_ministairs_13,
          minmay_ogre_servants
D:4:      layout_layer_cave, mainiacjoe_overflow_24_doors,
          general_overflow_altar, xom_confusion_cloud,
          minmay_temple_entry_glassed_door, serial_shops, nicolae_shop_crystal

Skill      XL: |  1  2  3  4  5  6 |
---------------+-------------------+-----
Maces & Flails | 3 4 5 |  5.2
Dodging        | 3 4 |  4.1
Fighting       | 5 |  5.9

Action                   |  1- 3 |  4- 6 || total
-------------------------+-------+-------++-------
Melee: Mace              |   120 |   174 ||   294
       Punch             |     1 |     1 ||     2
Throw: Dart              |       |     7 ||     7
Invok: Berserk           |     2 |     4 ||     6
  Use: Potion            |       |     1 ||     1
 Stab: Sleeping          |     1 |       ||     1
Armor: Animal skin       |    50 |    38 ||    88
Dodge: Dodged            |    76 |    71 ||   147
